Cogmind - Beta 16.1 @@@ ROGUE MODE // 2026.03.14 @ 16:40:28 Player: Minty Result: Destroyed by Striker with Plasma Lance Performance ------------- Evolutions (7) 3500 Regions Visited (17) 3400 Robots Destroyed (120) 600 Value Destroyed (5583) 5583 Prototype IDs (43) 860 Alien Tech Used (3) 600 Bonus (5157) 5157 TOTAL SCORE: 19700 Bonus ------- High Alert Combat Kills 2034 Follower Combat Kills 612 Entered DSFs 1000 Registered with UFD 300 Met Optimus in HQ 500 Met Optimus at Protoforge 1000 Friendly Fire -289 Cogmind --------- Core Integrity 0/1300 Matter 295/300 Energy 100/100 System Corruption 9% Temperature Cool (0) Movement Core (50) Location -3/Protoforge Parts ------- > --- POWER (2) -------- (None) > --- PROPULSION (5) --- (None) > --- UTILITY (12) ----- Experimental Optical Array Experimental Signal Interpreter Advanced Target Analyzer Experimental Core Analyzer Experimental Core Analyzer Experimental Armor Integrity Analyzer Makeshift Core Shielding > --- WEAPON (2) ------- (None) > --- INVENTORY (5) ---- Medium Storage Unit Experimental Core Analyzer Experimental Cloaking Device Terrabomb Peak State ------------ > --- POWER ------------ Improved Quantum Reactor Improved Quantum Reactor > --- PROPULSION ------- Heavy Shield Leg Experimental VSS Leg Experimental VSS Leg Experimental VSS Leg > --- UTILITY ---------- Medium Storage Unit Experimental Optical Array Advanced Sensor Array Experimental Signal Interpreter Experimental Targeting Computer Advanced Target Analyzer Experimental Core Analyzer Experimental Core Analyzer Experimental Armor Integrity Analyzer Experimental Cloaking Device Experimental Weapon Shielding Centrium Light Armor Plating > --- WEAPON ----------- Concept XC Strikerail Concept XC Strikerail > --- INVENTORY -------- UFD Drillbomb [Rating: 196] Favorites ----------- Power Improved Quantum Reactor Engine Ion Engine Power Core Neutrino Core Reactor Improved Quantum Reactor Propulsion Improved VTOL Module Treads Medium Treads Leg Experimental VSS Leg Hover Unit Improved Hover Unit Flight Unit Improved VTOL Module Utility Hacking Suite Device Advanced Sensor Array Storage Small Storage Unit Processor Experimental Signal Interpreter Hackware Hacking Suite Protection Centrium Light Armor Plating Artifact Phase Redirector Weapon Chainsword Energy Gun EM Shotgun Energy Cannon Advanced Beam Cannon Ballistic Gun Concept XC Strikerail Launcher Improved Grenade Launcher Slashing Weapon Chainsword Piercing Weapon Enhanced Force Lance Build | -11 -10 -9 -9 -8 -8 -8 -8 -6 -6 -6 -6 -5 -4 -4 -3 -3 -3 ------- Run | Yrd Mat Mat Min Mat Sto Rec Scr Fac Was Fac DSF Fac Fac DSF Res Qua Frg Slots Evolved 14 | . . 2 . 2 . . . 4 . . . 2 2 . 2 . . Power 1 | . . . . . . . . 1 . . . . . . . . . Propulsion 3 | . . 1 . . . . . 2 . . . . . . . . . Utility 10 | . . 1 . 2 . . . 1 . . . 2 2 . 2 . . Weapon . | . . . . . . . . . . . . . . . . . . Parts Attached 137 | . 8 10 . 7 17 2 1 17 . . . 9 3 1 14 4 44 Power 19 | . 2 1 . . 2 . . 4 . . . 2 1 . 1 . 6 Engine 11 | . 2 1 . . 1 . . 3 . . . . 1 . 1 . 2 Core 3 | . . . . . 1 . . 1 . . . 1 . . . . . Reactor 5 | . . . . . . . . . . . . 1 . . . . 4 Propulsion 33 | . 4 4 . 1 5 . . 3 . . . 2 . . 4 1 9 Treads 1 | . . . . . . . . . . . . . . . . . 1 Leg 11 | . 2 . . . 2 . . . . . . . . . . . 7 Wheel . | . . . . . . . . . . . . . . . . . . Hover 7 | . 2 4 . 1 . . . . . . . . . . . . . Flight 14 | . . . . . 3 . . 3 . . . 2 . . 4 1 1 Utility 60 | . 1 2 . 4 5 . 1 6 . . . 5 2 1 7 1 25 Device 20 | . 1 . . 1 4 . . 2 . . . 2 . . 2 . 8 Storage 2 | . . . . . . . . 1 . . . . . 1 . . . Processor 18 | . . 1 . 1 . . 1 1 . . . 2 2 . 2 . 8 Hackware 9 | . . . . 2 1 . . 2 . . . 1 . . 3 . . Protection 10 | . . 1 . . . . . . . . . . . . . . 9 Artifact 1 | . . . . . . . . . . . . . . . . 1 . Weapon 25 | . 1 3 . 2 5 2 . 4 . . . . . . 2 2 4 Energy Gun 8 | . . 3 . 1 2 2 . . . . . . . . . . . Energy Cannon 1 | . . . . . 1 . . . . . . . . . . . . Ballistic Gun 5 | . 1 . . . . . . . . . . . . . . . 4 Ballistic Cannon . | . . . . . . . . . . . . . . . . . . Launcher 4 | . . . . . 1 . . 1 . . . . . . 1 1 . Special Weapon . | . . . . . . . . . . . . . . . . . . Impact Weapon . | . . . . . . . . . . . . . . . . . . Slashing Weapon 5 | . . . . 1 1 . . 2 . . . . . . . 1 . Piercing Weapon 2 | . . . . . . . . 1 . . . . . . 1 . . Special Melee Weapon . | . . . . . . . . . . . . . . . . . . Unidentified Prototypes 33 | . . 2 . 1 4 2 . . . . . . . . 2 4 18 Corrupted Parts 1 | . . 1 . . . . . . . . . . . . . . . System Corruption 4 | . . 4 . . . . . . . . . . . . . . . Parts Lost 50 | . . 3 . 5 4 . . 10 . . . 1 . . 1 . 26 Power 12 | . . . . 1 1 . . 4 . . . . . . . . 6 Propulsion 15 | . . 2 . 3 1 . . 2 . . . . . . . . 7 Utility 17 | . . 1 . . 2 . . 3 . . . 1 . . 1 . 9 Weapon 6 | . . . . 1 . . . 1 . . . . . . . . 4 Highest Loss Streak 11 | . . 3 . 4 4 . . 5 . . . 1 . . 1 . 11 To Critical Strikes 2 | . . . . . . . . . . . . . . . . . 2 Average Backups 7 | 6 7 6 7 7 7 8 8 6 7 7 8 7 7 8 8 8 6 Power 1 | 1 1 1 2 2 . . . . 1 2 2 2 2 2 1 . . Propulsion 1 | 4 5 2 . . 2 3 3 . . . . . . . . 2 . Utility . | . . 1 2 . . 1 1 . 1 1 2 1 1 1 2 1 1 Weapon 3 | 1 1 1 3 4 4 4 4 4 5 4 4 3 3 2 2 4 2 Tool/Special . | . . . . . . . . . . . . . . . . . . Unused Backups 30 | . 7 5 . 3 3 2 . . . . 1 . . 2 1 2 4 Power 2 | . . . . . . . . . . . . . . 1 . 1 . Propulsion 8 | . 5 2 . . . . . . . . . . . . . . 1 Utility 6 | . 1 . . 2 . . . . . . 1 . . . . 1 1 Weapon 12 | . 1 3 . 1 3 2 . . . . . . . 1 . . 1 Tool/Special 2 | . . . . . . . . . . . . . . . 1 . 1 Average Slot Usage (%) 92 | . 99 87 100 90 94 100 100 90 80 83 86 90 93 94 98 96 89 Engine 5 | . 14 11 11 8 7 9 9 8 6 6 6 1 . . 3 3 1 Core 1 | . . . . . . . . . . . . 3 5 5 4 4 . Reactor 1 | . . . . . . . . . . . . . . . . . 6 Leg 7 | . 27 . . . 2 . . . . . . . . . . . 14 Hover 2 | . . 29 33 21 . . . . . . . . . . . . . Flight 14 | . . . . . 21 27 27 30 26 26 26 27 26 26 23 23 3 Device 8 | . 13 7 . 6 7 9 9 3 . . . 6 10 10 6 9 9 Storage 6 | . 14 11 11 9 9 9 9 5 6 6 6 5 5 5 4 4 3 Processor 17 | . . . 11 9 9 9 9 12 13 13 13 15 25 26 24 23 28 Hackware 10 | . . . . 16 18 18 18 15 20 20 20 17 10 10 18 19 3 Protection 2 | . . 6 11 2 . . . . . . . . . . . . 6 Ballistic Gun 5 | . 28 13 . . . . . . . . . . . . . . 7 Slashing Weapon 6 | . . . . 8 14 18 18 9 6 10 13 9 10 10 9 6 . Peak Build Rating 196 | 6 7 16 16 27 37 40 41 61 56 60 60 86 84 81 118 139 196 Average Rating 84 | 6 6 9 16 23 31 35 37 56 55 58 60 74 80 81 105 127 164 On Entrance 50 | 6 6 7 16 16 20 35 36 41 55 56 60 60 74 81 81 111 139 Avg Prop Armor Cover (%) 15 | . 5 . . . . . . . . . . . . . . . 15 Naked Turns . | . . . . . . . . . . . . . . . . . . Heaviest Build 86 | 14 15 18 17 17 18 15 15 24 17 20 20 29 27 27 37 39 86 Greatest Support 138 | 20 20 21 21 21 20 15 15 25 20 20 20 29 31 31 39 42 138 Greatest Overweight (x) 3 | . 2 2 . 2 3 . . . . . . . . . 1 . 2 Average Overweight (x) . | . . . . . . . . . . . . . . . . . . Largest Inventory Capacity 10 | 8 8 8 8 8 8 8 8 8 8 8 8 8 8 10 10 10 10 Average Capacity 8 | 8 8 8 8 8 8 8 8 7 8 8 8 8 8 8 9 10 9 Most Carried 10 | 6 8 8 7 8 8 8 8 8 8 8 8 8 8 8 10 10 10 Average Carried 7 | 6 7 6 7 7 7 7 7 6 7 7 8 7 7 7 8 9 7 Final Capacity 10 | 8 8 8 8 8 8 8 8 8 8 8 8 8 8 8 10 10 5 Final Carried 10 | 6 8 7 7 8 8 8 8 7 8 8 8 8 8 8 10 10 4 Class Distribution -------------------- 28% | Hacker-Scout 19% | Scavenger-Skirmisher 19% | Hacker-Sprinter 13% | Mutant 8% | Scavenger-Mutant 6% | Hacker-Mutant Dominant Class ---------------- Mutant | -10/Materials Scavenger-Mutant | -9/Materials Mutant | -9/Mines Hacker-Mutant | -8/Materials Hacker-Sprinter | -8/Storage Hacker-Sprinter | -8/Recycling Hacker-Sprinter | -8/Scraptown Hacker-Sprinter | -6/Factory Hacker-Sprinter | -6/Waste Hacker-Sprinter | -6/Factory Hacker-Sprinter | -6/DSF Hacker-Scout | -5/Factory Hacker-Scout | -4/Factory Hacker-Scout | -4/DSF Hacker-Scout | -3/Research Hacker-Scout | -3/Quarantine Scavenger-Skirmisher | -3/Protoforge Resources | -11 -10 -9 -9 -8 -8 -8 -8 -6 -6 -6 -6 -5 -4 -4 -3 -3 -3 ----------- Run | Yrd Mat Mat Min Mat Sto Rec Scr Fac Was Fac DSF Fac Fac DSF Res Qua Frg Matter Collected 3694 | 200 149 158 97 83 235 . 40 109 . 149 40 147 82 . 169 12 2024 Remotely . | . . . . . . . . . . . . . . . . . . Salvage Created 6188 | . 330 207 . 131 725 . . 332 . 149 50 311 82 . 223 12 3636 Parts 335 | . 17 10 . 12 32 . . 24 . 3 4 23 8 . 14 2 186 Haulers Intercepted 7 | . . 1 . . 4 . . 1 . . . . . . . . 1 Recyclers Shooed 3 | . 1 . . 1 1 . . . . . . . . . . . . Parts Field Recycled . | . . . . . . . . . . . . . . . . . . Retrieved Matter . | . . . . . . . . . . . . . . . . . . Parts Self-Destructed . | . . . . . . . . . . . . . . . . . . Prevented . | . . . . . . . . . . . . . . . . . . Parts Restored . | . . . . . . . . . . . . . . . . . . Kills | -11 -10 -9 -9 -8 -8 -8 -8 -6 -6 -6 -6 -5 -4 -4 -3 -3 -3 ------- Run | Yrd Mat Mat Min Mat Sto Rec Scr Fac Was Fac DSF Fac Fac DSF Res Qua Frg Combat Hostiles Destroyed 76 | . 3 3 . 2 8 . . 8 . . 1 . . . . . 51 Melee 6 | . . . . 2 3 . . . . . 1 . . . . . . Guns 57 | . 2 3 . . 1 . . . . . . . . . . . 51 AOE 11 | . 1 . . . 2 . . 8 . . . . . . . . . Classes Destroyed 21 | . 5 2 . . 3 . . 3 . . 1 . . . . . 7 Worker 5 | . 1 . . . . . . 2 . . . 1 . . 1 . . Builder 6 | . . . . . 2 . . . . . . 3 1 . . . . Tunneler 4 | . . . . . . . . 1 . . . 1 1 . 1 . . Hauler 8 | . . 1 . . 4 . . 1 . . . . . . . . 2 Recycler 4 | . 1 . . . . . . . . 1 . 1 . . 1 . . Mechanic 2 | . . . . . 1 . . . . . . 1 . . . . . Operator 9 | . 1 . . 1 1 . . 1 . . . 1 1 . 1 1 1 Drone 6 | . . . . . . . . . . . . . . . . . 6 Watcher 8 | . 3 . . 1 2 . . 1 . . . . . . . . 1 Swarmer 7 | . . . . . . . . 5 . . . . . . . . 2 Saboteur 2 | . . . . . . . . . . . . . . . . . 2 Grunt 15 | . 3 2 . 1 5 . . 1 . . . . . . . . 3 Brawler 5 | . . . . . . . . . . . . . . . . . 5 Duelist 2 | . . . . . 1 . . . . . . . . . . . 1 Protector 4 | . . . . . . . . . . . . . . . . . 4 Sentry 7 | . . 1 . 1 2 . . . . . . . . . . . 3 Specialist 1 | . . . . . . . . . . . 1 . . . . . . Hunter 8 | . . . . . . . . 2 . . . . . . . . 6 Programmer 7 | . . . . . . . . . . . . . . . . . 7 Hotshot 3 | . . . . . . . . . . . . . . . . . 3 Striker 4 | . . . . . . . . . . . . . . . . . 4 Executioner 5 | . . . . . . . . . . . . . . . . . 5 Best Kill Streak 12 | . 3 4 . 1 8 . . 7 . 1 2 3 2 . 1 1 12 Combat Bots Only 11 | . 1 2 . 1 3 . . 3 . . 1 . . . . . 11 Max Kills in Single Turn 3 | . 1 1 . 1 2 . . 3 . 1 1 1 1 . 1 1 3 Gunslinging 1 | . . . . . . . . . . . . . . . . . 1 Exploded 3 | . 1 . . . 2 . . 3 . . . . . . . . . Melee 1 | . . . . 1 1 . . . . . 1 . . . . . . Uniques/NPCs Destroyed . | . . . . . . . . . . . . . . . . . . Combat | -11 -10 -9 -9 -8 -8 -8 -8 -6 -6 -6 -6 -5 -4 -4 -3 -3 -3 -------- Run | Yrd Mat Mat Min Mat Sto Rec Scr Fac Was Fac DSF Fac Fac DSF Res Qua Frg Hostile Shots Fired 663 | . 36 16 . 33 48 2 . 129 . . 2 18 . 1 25 10 343 Missed 285 | . 14 5 . 12 12 1 . 72 . . 1 9 . . 10 7 142 Deflected 6 | . . . . . . . . . . . . . . . . . 6 Hits 378 | . 22 11 . 21 36 1 . 57 . . 1 9 . 1 15 3 201 Melee 19 | . . . . . . . . 2 . . . . . . . . 17 Projectile 359 | . 22 11 . 21 36 1 . 55 . . 1 9 . 1 15 3 184 Critical Strikes 18 | . . . . 3 2 . . 2 . . . . . . . . 11 Actively Blocked 3 | . . . . . . . . . . . . . . . . . 3 Damage Taken 9449 | . 288 136 . 444 554 101 . 1111 . . . 178 . 72 245 87 6233 Core 2209 | . 55 . . 99 162 35 . 355 . . . 100 . 72 88 . 1243 Absorbed by Shields 211 | . . . . . . . . 27 . . . . . . . . 184 Redirected to Shielding 167 | . . . . 6 . . . . . . . . . . . . 161 Regen/Repaired (Parts) 430 | . . 61 . 31 . . . 93 . . . 86 . . . 50 109 Core Remaining (%) 80 | 100 78 . 100 . . . 46 . . . 58 90 . 93 . . . Volleys Fired 193 | . 21 9 . 14 8 . . 12 . . . 2 . . . . 127 Largest 2 | . 2 2 . 2 2 . . 1 . . . 1 . . . . 2 Hottest 112 | . 40 101 . 101 112 . . 36 . . . 50 . . . . 70 Shots Fired 360 | . 42 18 . 15 16 . . 12 . . . 3 . . . . 254 Gun 346 | . 42 18 . 15 16 . . . . . . 3 . . . . 252 Cannon . | . . . . . . . . . . . . . . . . . . Launcher 14 | . . . . . . . . 12 . . . . . . . . 2 Special . | . . . . . . . . . . . . . . . . . . Kinetic 301 | . 42 7 . . . . . . . . . . . . . . 252 Thermal 21 | . . 2 . 2 16 . . . . . . 1 . . . . . Explosive 10 | . . . . . . . . 8 . . . . . . . . 2 Electromagnetic 28 | . . 9 . 13 . . . 4 . . . 2 . . . . . Robot Hit Streak 37 | . 4 8 . 4 11 . . 2 . . . 1 . . . . 37 Robot Miss Streak 4 | . 4 2 . 2 2 . . 3 . . . 3 . . . . 1 Penetration Max 2 | . . . . . . . . . . . . . . . . . 2 Secondary Targets 11 | . 1 . . . . . . . . . . . . . . . 10 Max Gunslinging Chain 1 | . 1 . . . . . . . . . . . . . . . 1 Shots Hit Robots 369 | . 20 13 . 23 38 7 . 15 . 1 1 14 3 . 7 1 226 Core Hits 199 | . 14 8 . 8 19 . . 26 . 1 1 8 2 . 4 . 108 Critical Kills 24 | . . . . . . . . . . . . . . . . . 24 Critical Parts Destroyed 19 | . . . . . . . . . . . . . . . . . 19 Critical Strikes 58 | . . . . 3 4 1 . 2 . . . . . . . . 48 Burn 3 | . . . . . 3 . . . . . . . . . . . . Destroy 48 | . . . . . . . . . . . . . . . . . 48 Sever 7 | . . . . 3 1 1 . 2 . . . . . . . . . Melee Attacks 178 | . . . . 11 41 10 . 23 1 2 2 36 12 . 27 9 4 Impact . | . . . . . . . . . . . . . . . . . . Slashing 178 | . . . . 11 41 10 . 23 1 2 2 36 12 . 27 9 4 Piercing . | . . . . . . . . . . . . . . . . . . Sneak Attacks 38 | . . . . 1 11 4 . 6 . 1 1 8 2 . 4 . . Combat Hostiles 2 | . . . . . 1 . . . . . . 1 . . . . . Follow-up Attacks 8 | . . . . . 4 . . . . . . 3 . . 1 . . Damage Inflicted 16302 | . 453 194 . 677 1761 369 . 2155 . 95 76 856 248 . 461 57 8900 Guns 9156 | . 273 194 . 180 254 . . . . . . 85 . . . . 8170 Cannons . | . . . . . . . . . . . . . . . . . . Explosions 2722 | . 180 . . 158 271 . . 1534 . . . . . . . . 579 Melee 4413 | . . . . 339 1236 369 . 621 . 95 76 771 248 . 461 57 140 Ramming 11 | . . . . . . . . . . . . . . . . . 11 Kinetic 8509 | . 273 66 . . . . . . . . . . . . . . 8170 Thermal 673 | . 180 16 . 189 254 . . . . . . 34 . . . . . Explosive 2107 | . . . . 3 271 . . 1254 . . . . . . . . 579 Electromagnetic 589 | . . 112 . 146 . . . 280 . . . 51 . . . . . Impact . | . . . . . . . . . . . . . . . . . . Slashing 4413 | . . . . 339 1236 369 . 621 . 95 76 771 248 . 461 57 140 Piercing . | . . . . . . . . . . . . . . . . . . Highest Corruption 9 | . 1 4 4 . . . . . 9 9 9 9 . . . . 9 Average Corruption 4 | . 1 4 4 . . . . . 9 9 9 8 . . . . 2 Corruption Purged . | . . . . . . . . . . . . . . . . . . Corruption Blocked . | . . . . . . . . . . . . . . . . . . Effects 37 | . . 1 . . . . . . 1 1 1 12 . . . . 21 Message Errors 8 | . . . . . . . . . 1 1 . 1 . . . . 5 Matter Fused 9 | . . 1 . . . . . . . . 1 3 . . . . 4 Heat Flow Errors 6 | . . . . . . . . . . . . 3 . . . . 3 Energy Discharges 4 | . . . . . . . . . . . . 1 . . . . 3 Data Loss (minor) 3 | . . . . . . . . . . . . . . . . . 3 Data Loss (major) 3 | . . . . . . . . . . . . 2 . . . . 1 Misfires 1 | . . . . . . . . . . . . 1 . . . . . Alerts 3 | . . . . . . . . . . . . 1 . . . . 2 Overload Shots . | . . . . . . . . . . . . . . . . . . Overflow Damage 354 | . . . . 37 47 80 . 93 . . . . 70 . . 27 . Projectiles . | . . . . . . . . . . . . . . . . . . Explosions 82 | . . . . 7 30 . . 45 . . . . . . . . . Melee 272 | . . . . 30 17 80 . 48 . . . . 70 . . 27 . Knockbacks . | . . . . . . . . . . . . . . . . . . Impact . | . . . . . . . . . . . . . . . . . . Kinetic . | . . . . . . . . . . . . . . . . . . Secondary . | . . . . . . . . . . . . . . . . . . Self-Inflicted Damage 279 | . . . . 133 . . . 146 . . . . . . . . . Shots 5 | . . . . 2 . . . 3 . . . . . . . . . Rammed . | . . . . . . . . . . . . . . . . . . Targets Rammed 1 | . . . . . . . . . . . . . . . . . 1 Kicked 1 | . . . . . . . . . . . . . . . . . 1 Crushed . | . . . . . . . . . . . . . . . . . . Highest Temperature 253 | . 9 81 . 30 228 3 . 27 . . . 253 . . 13 . 167 Average Temperature 47 | . 3 22 . 10 132 2 . 6 . . . 80 . . 7 . 78 Received Heat Transfer 1192 | . 162 51 . 207 246 48 . 115 . . . 57 . . 9 9 288 Siege Activations . | . . . . . . . . . . . . . . . . . . Martial Activations . | . . . . . . . . . . . . . . . . . . Shielding Activations 3 | . . . . . . . . . . . . . . . . . 3 Total Turns 55 | . . . . . . . . . . . . . . . . . 55 Longest Duration 24 | . . . . . . . . . . . . . . . . . 24 Robots Disrupted . | . . . . . . . . . . . . . . . . . . Combat Hostiles . | . . . . . . . . . . . . . . . . . . Robots Corrupted . | . . . . . . . . . . . . . . . . . . Combat Hostiles . | . . . . . . . . . . . . . . . . . . Parts Fried 3 | . . 2 . . . . . . . . . . . . . . 1 Impact Corruptions . | . . . . . . . . . . . . . . . . . . Robots Melted 2 | . . . . . 2 . . . . . . . . . . . . Combat Hostiles 2 | . . . . . 2 . . . . . . . . . . . . Parts Melted 9 | . . . . . 9 . . . . . . . . . . . . Heat Transferred 1176 | . 100 37 . 224 740 . . . . . . 75 . . . . . Parts Sabotaged . | . . . . . . . . . . . . . . . . . . Parts Stolen . | . . . . . . . . . . . . . . . . . . Parts Stripped . | . . . . . . . . . . . . . . . . . . Power Chain Reactions 2 | . . . . 2 . . . . . . . . . . . . . Alert | -11 -10 -9 -9 -8 -8 -8 -8 -6 -6 -6 -6 -5 -4 -4 -3 -3 -3 ------- Run | Yrd Mat Mat Min Mat Sto Rec Scr Fac Was Fac DSF Fac Fac DSF Res Qua Frg Maximum Alert Level 5 | . . . . . 1 . . 2 . . . . . . 1 1 5 Low Security (%) 59 | 100 100 100 100 100 29 100 . 55 100 100 100 100 100 100 61 78 8 Level 1 11 | . . . . . 70 . . 18 . . . . . . 38 21 4 Level 2 9 | . . . . . . . . 26 . . . . . . . . 23 Level 3 4 | . . . . . . . . . . . . . . . . . 14 Level 4 13 | . . . . . . . . . . . . . . . . . 43 Level 5 1 | . . . . . . . . . . . . . . . . . 5 High Security . | . . . . . . . . . . . . . . . . . . Max Security . | . . . . . . . . . . . . . . . . . . Peak Influence 1657 | . 180 68 15 153 393 145 . 472 160 125 112 137 78 43 280 235 1657 Initial 159 | . . 56 15 5 47 145 . . 159 105 77 58 63 28 24 75 132 Average 372 | . 58 46 15 63 234 131 . 191 154 117 98 45 20 30 154 126 973 Influence Increases 5371 | . 287 94 . 268 566 7 . 819 1 25 35 292 78 15 410 240 2234 Destroy 0b10 Robot/C 1600 | . 60 60 . 40 220 . . 200 . . 20 . . . 20 . 980 Destroy 0b10 Robot/NC 310 | . 30 5 . 10 50 . . 30 . 5 . 40 15 . 20 5 100 Destroy Leader 360 | . 26 12 . 12 72 . . 44 . . . . . . 10 . 184 Allied During Kill 152 | . . . . . 44 . . . . . . . . . . . 108 Successful Hack 412 | . 21 17 . 15 17 5 . . . 20 . 55 36 . 83 68 75 Disable Machine 555 | . 105 . . 45 75 . . 105 . . . . 15 . 30 60 120 Destroy Structure 467 | . 45 . . 56 28 2 . 65 1 . . 32 12 . 22 2 202 Partial Spotted 180 | . . . . . 45 . . 75 . . . . . . 45 . 15 Lose Combat Pursuer 1335 | . . . . 90 15 . . 300 . . 15 165 . 15 180 105 450 Influence Decreases 3819 | . 152 189 25 170 304 270 112 362 308 65 33 273 168 13 319 139 917 Entered New Map 1214 | . . 79 25 10 66 230 112 . 298 45 33 54 68 13 19 59 103 Time Decay 1794 | . 152 80 . 110 198 40 . 145 10 20 . 205 100 . 130 70 534 Search Patrol Dispatched 100 | . . . . . . . . . . . . . . . 100 . . Lost Part 491 | . . 30 . 50 40 . . 97 . . . 4 . . 10 . 260 Lost Ally 220 | . . . . . . . . 120 . . . 10 . . 60 10 20 Squads Dispatched 45 | . 1 1 . 3 3 . . 10 . . 1 12 1 . 3 2 8 Investigation 29 | . 1 . . 1 2 . . 7 . . . 9 1 . 2 1 5 Extermination 3 | . . . . . . . . . . . . 1 . . 1 1 . Reinforcement 12 | . . 1 . 2 . . . 3 . . 1 2 . . . . 3 Assault . | . . . . . . . . . . . . . . . . . . Garrison 1 | . . . . . 1 . . . . . . . . . . . . Intercept . | . . . . . . . . . . . . . . . . . . Searches Triggered 1 | . . . . . . . . . . . . . . . 1 . . Construction Impeded 3 | . . . . 1 . . . 1 . . . 1 . . . . . Haulers Reinforced 1 | . . . . . . . . . . . . 1 . . . . . Active Scanning Responses . | . . . . . . . . . . . . . . . . . . Cargo Convoy Interrupts . | . . . . . . . . . . . . . . . . . . Stealth | -11 -10 -9 -9 -8 -8 -8 -8 -6 -6 -6 -6 -5 -4 -4 -3 -3 -3 --------- Run | Yrd Mat Mat Min Mat Sto Rec Scr Fac Was Fac DSF Fac Fac DSF Res Qua Frg Distress Signals 12 | . . 1 . 1 2 . . . . . . . . . . . 8 Communications Jammed . | . . . . . . . . . . . . . . . . . . Distress Signals . | . . . . . . . . . . . . . . . . . . Times Spotted 286 | . 10 5 . 11 18 2 . 32 6 . 1 17 1 1 19 18 145 Peak Tracking Total 23 | . 4 5 . 5 4 1 . 9 6 . 1 8 . 1 8 9 23 Tactical Retreats 36 | . . . . 3 1 . . 8 . . 1 4 . 1 4 3 11 Traps | -11 -10 -9 -9 -8 -8 -8 -8 -6 -6 -6 -6 -5 -4 -4 -3 -3 -3 ------- Run | Yrd Mat Mat Min Mat Sto Rec Scr Fac Was Fac DSF Fac Fac DSF Res Qua Frg Traps Triggered 18 | . 3 . . . . . . 4 . . . 3 . . . . 8 Indirectly . | . . . . . . . . . . . . . . . . . . Trap Hack Attempts . | . . . . . . . . . . . . . . . . . . Triggered . | . . . . . . . . . . . . . . . . . . Disarmed . | . . . . . . . . . . . . . . . . . . Reprogrammed . | . . . . . . . . . . . . . . . . . . Reused . | . . . . . . . . . . . . . . . . . . Traps Extracted . | . . . . . . . . . . . . . . . . . . Installed . | . . . . . . . . . . . . . . . . . . Triggered . | . . . . . . . . . . . . . . . . . . Objects Rigged 9 | . 7 . . . 2 . . . . . . . . . . . . Exploded 3 | . 1 . . . 2 . . . . . . . . . . . . Machines | -11 -10 -9 -9 -8 -8 -8 -8 -6 -6 -6 -6 -5 -4 -4 -3 -3 -3 ---------- Run | Yrd Mat Mat Min Mat Sto Rec Scr Fac Was Fac DSF Fac Fac DSF Res Qua Frg Machines Disabled 37 | . 7 . . 3 5 . . 7 . . . . 1 . 2 4 8 Max in Single Turn 7 | . 7 . . 2 1 . . 2 . . . . 1 . 1 1 1 Garrison Access 4 | . . . . . 1 . . 1 . . . . 1 . . 1 . Machines Repaired . | . . . . . . . . . . . . . . . . . . Machines Dismantled . | . . . . . . . . . . . . . . . . . . Machines Sabotaged . | . . . . . . . . . . . . . . . . . . Overloaded Fab Kills . | . . . . . . . . . . . . . . . . . . Hacking | -11 -10 -9 -9 -8 -8 -8 -8 -6 -6 -6 -6 -5 -4 -4 -3 -3 -3 --------- Run | Yrd Mat Mat Min Mat Sto Rec Scr Fac Was Fac DSF Fac Fac DSF Res Qua Frg Machines Accessed 80 | . 2 2 . 4 7 2 1 8 . 2 . 17 7 . 9 7 12 Terminals 42 | . 2 1 . 3 6 2 . 1 . 2 . 7 3 . 4 3 8 Fabricators 7 | . . . . . . . . . . . . 3 1 . 2 . 1 Repair Stations 7 | . . 1 . 1 . . . 1 . . . 1 . . 1 2 . Recycling Units 13 | . . . . . . . . 4 . . . 5 1 . . . 3 Scanalyzers 4 | . . . . . . . . 1 . . . . 1 . 1 1 . Garrison Access 6 | . . . . . 1 . . 1 . . . 1 1 . 1 1 . Total Hacks 266 | . 7 4 . 12 25 10 3 16 . 5 . 50 22 . 43 30 39 Successful 130 | . 3 3 . 8 12 3 3 8 . 3 . 27 12 . 13 18 17 Failed 135 | . 4 1 . 4 13 6 . 8 . 2 . 23 10 . 30 12 22 Catastrophic 25 | . 1 . . . 2 1 . 2 . . . 4 2 . 10 . 3 Database Lockouts 1 | . . . . . . 1 . . . . . . . . . . . Manual 119 | . 3 . . 4 11 9 . 8 . 1 . 28 6 . 24 5 20 Terminals 156 | . 7 2 . 9 23 10 . 2 . 5 . 22 11 . 16 19 30 Fabricators 31 | . . . . . . . . . . . . 12 2 . 14 . 3 Repair Stations 18 | . . 2 . 3 . . . 2 . . . 4 . . 4 3 . Recycling Units 20 | . . . . . . . . 6 . . . 7 1 . . . 6 Scanalyzers 22 | . . . . . . . . 3 . . . . 7 . 5 7 . Garrison Access 16 | . . . . . 2 . . 3 . . . 5 1 . 4 1 . Terminal Hacks 59 | . 2 1 . 5 8 3 3 . . 2 . 5 5 . 3 11 11 Record 3 | . . . . . . . 3 . . . . . . . . . . Part Schematic 2 | . . . . . . 1 . . . . . . . . . 1 . Robot Analysis 8 | . 1 . . 3 2 1 . . . . . . . . . . 1 Prototype ID Bank 1 | . . . . . . . . . . . . . 1 . . . . Open Door 1 | . . . . . 1 . . . . . . . . . . . . Open DSF 2 | . . . . . . . . . . 1 . . 1 . . . . Branch Access Points 2 | . . . . . 1 . . . . . . . . . 1 . . Emergency Access Points 2 | . . . . . . . . . . . . . . . . 1 1 Terminal Index 1 | . . . . . . . . . . . . . . . . . 1 Alert Level 7 | . . . . . 1 1 . . . . . . 1 . 1 1 2 Locate Traps 7 | . . . . . 1 . . . . 1 . 1 . . 1 1 2 Dispatch Records 2 | . . . . . . . . . . . . 1 . . . 1 . Maintenance Status 3 | . . . . . . . . . . . . 1 . . . 1 1 Security Status 1 | . . . . . 1 . . . . . . . . . . . . Patrol Status 7 | . 1 . . 1 . . . . . . . 1 1 . . 2 1 Transport Status 1 | . . . . . 1 . . . . . . . . . . . . Hauler Manifests 2 | . . 1 . . . . . . . . . . . . . 1 . Registered Components 1 | . . . . . . . . . . . . . . . . 1 . Registered Prototypes 2 | . . . . 1 . . . . . . . . . . . . 1 Zone Layout 4 | . . . . . . . . . . . . 1 1 . . 1 1 Fabricator Hacks 7 | . . . . . . . . . . . . 5 1 . 1 . . Network Status 5 | . . . . . . . . . . . . 3 1 . 1 . . Build 2 | . . . . . . . . . . . . 2 . . . . . Repair Station Hacks 12 | . . 2 . 2 . . . 2 . . . 4 . . 1 1 . Scan Component 6 | . . 1 . 1 . . . 1 . . . 2 . . 1 . . Repair 5 | . . 1 . 1 . . . 1 . . . 2 . . . . . Refit 1 | . . . . . . . . . . . . . . . . 1 . Recycling Unit Hacks . | . . . . . . . . . . . . . . . . . . Scanalyzer 11 | . . . . . . . . 1 . . . . 4 . 3 3 . Insert Component 3 | . . . . . . . . 1 . . . . 1 . 1 . . Analyze 1 | . . . . . . . . . . . . . 1 . . . . Retrieve Study 7 | . . . . . . . . . . . . . 2 . 2 3 . Garrison Access Hacks 4 | . . . . . 1 . . 1 . . . . 1 . . 1 . Seal Access 4 | . . . . . 1 . . 1 . . . . 1 . . 1 . Unauthorized Hacks 37 | . 1 . . 1 3 . . 4 . 1 . 13 1 . 5 2 6 Terminals 12 | . 1 . . 1 3 . . . . 1 . . . . 1 2 3 Track 3 | . . . . 1 1 . . . . . . . . . . . 1 Assimilate 3 | . . . . . 1 . . . . . . . . . . 1 1 Botnet 3 | . . . . . . . . . . 1 . . . . 1 . 1 Detonate 2 | . 1 . . . 1 . . . . . . . . . . . . Disrupt 1 | . . . . . . . . . . . . . . . . 1 . Fabricators 9 | . . . . . . . . . . . . 5 . . 4 . . Report 1 | . . . . . . . . . . . . 1 . . . . . Prioritize 3 | . . . . . . . . . . . . 2 . . 1 . . Liberate 2 | . . . . . . . . . . . . 1 . . 1 . . Fabnet 1 | . . . . . . . . . . . . . . . 1 . . Haulers 2 | . . . . . . . . . . . . 1 . . 1 . . Repair Stations . | . . . . . . . . . . . . . . . . . . Recycling Units 13 | . . . . . . . . 4 . . . 5 1 . . . 3 Fedlink 11 | . . . . . . . . 3 . . . 5 1 . . . 2 Scrapoids 1 | . . . . . . . . 1 . . . . . . . . . Scraphulk 1 | . . . . . . . . . . . . . . . . . 1 Scanalyzers . | . . . . . . . . . . . . . . . . . . Garrison Access 3 | . . . . . . . . . . . . 3 . . . . . Broadcast 1 | . . . . . . . . . . . . 1 . . . . . Redirect 1 | . . . . . . . . . . . . 1 . . . . . Watchers 1 | . . . . . . . . . . . . 1 . . . . . Data Cores Recovered 7 | . 1 . . . 2 . . . . . . 1 . . 1 1 1 Used 3 | . . . . . 2 . . . . . . . . . . . 1 Hacking Detections 61 | . 2 2 . 4 6 2 . 4 . 2 . 11 4 . 9 5 10 Full Trace Events 20 | . 2 . . 2 3 2 . 2 . . . 4 . . 2 1 2 Feedback Events . | . . . . . . . . . . . . . . . . . . Feedback Blocked . | . . . . . . . . . . . . . . . . . . Robot Schematics Acquired . | . . . . . . . . . . . . . . . . . . Robots Built 1 | . . . . . . . . . . . . 1 . . . . . Authchips . | . . . . . . . . . . . . . . . . . . Time 152 | . . . . . . . . . . . . 152 . . . . . Total Robot Build Rating 5 | . . . . . . . . . . . . 5 . . . . . Part Schematics Acquired 3 | . . . . . . 1 . . . . . . 1 . . 1 . Parts Built 2 | . . . . . . . . . . . . 2 . . . . . Authchips . | . . . . . . . . . . . . . . . . . . Time 117 | . . . . . . . . . . . . 117 . . . . . Total Part Build Rating 14 | . . . . . . . . . . . . 14 . . . . . Part Studies Acquired 7 | . . . . . . . . . . . . . 2 . 2 3 . Parts Repaired 5 | . . 1 . 1 . . . 1 . . . 2 . . . . . Time 118 | . . 13 . 32 . . . 13 . . . 60 . . . . . Parts Recycled . | . . . . . . . . . . . . . . . . . . Recycled Matter . | . . . . . . . . . . . . . . . . . . Retrieved Matter . | . . . . . . . . . . . . . . . . . . Retrieved Components . | . . . . . . . . . . . . . . . . . . Parts Scanalyzed 3 | . . . . . . . . 1 . . . . 1 . 1 . . Part Schematics Acquired 1 | . . . . . . . . . . . . . 1 . . . . Parts Damaged 1 | . . . . . . . . . . . . . . . 1 . . Bothacking | -11 -10 -9 -9 -8 -8 -8 -8 -6 -6 -6 -6 -5 -4 -4 -3 -3 -3 ------------ Run | Yrd Mat Mat Min Mat Sto Rec Scr Fac Was Fac DSF Fac Fac DSF Res Qua Frg Used RIF Installer . | . . . . . . . . . . . . . . . . . . Robots Hacked . | . . . . . . . . . . . . . . . . . . Non-combat . | . . . . . . . . . . . . . . . . . . Combat . | . . . . . . . . . . . . . . . . . . Robot Hacks Applied . | . . . . . . . . . . . . . . . . . . Relay Couplers Released 1 | . . . . . 1 . . . . . . . . . . . . Machine Destruction 1 | . . . . . 1 . . . . . . . . . . . . Fabnet Peak Effective % . | . . . . . . . . . . . . . . . . . . Robots Rewired 1 | . . . . . . . . 1 . . . . . . . . . Allies Hacked 1 | . . . . . . . . . . . . . . . . . 1 Hacks Repelled . | . . . . . . . . . . . . . . . . . . Allies | -11 -10 -9 -9 -8 -8 -8 -8 -6 -6 -6 -6 -5 -4 -4 -3 -3 -3 -------- Run | Yrd Mat Mat Min Mat Sto Rec Scr Fac Was Fac DSF Fac Fac DSF Res Qua Frg Total Allies 22 | . . . . . 10 . . 6 . . . 1 . . 3 1 1 Largest Group 10 | . . . . . 10 2 . 5 . . . 1 . . 3 1 1 Highest-Rated Group 173 | . . . . . 173 32 . 143 . . . 23 . . 144 45 139 Highest-Rated Ally 139 | . . . . . 29 16 . 31 . . . 23 . . 48 45 139 Initial UFD Resources 74 | . . . . . . . . 23 36 36 36 38 61 71 74 74 74 Total Orders . | . . . . . . . . . . . . . . . . . . Ally Attacks 70 | . . . . . 8 . . 21 . . . . . . 6 . 35 Total Damage 2758 | . . . . . 140 . . 442 . . . . . . 209 . 1967 Kills 21 | . . . . . 3 . . 2 . . . . . . 1 . 15 Allies Corrupted . | . . . . . . . . . . . . . . . . . . Allies Melted 1 | . . . . . . . . . . . . 1 . . . . . Intel | -11 -10 -9 -9 -8 -8 -8 -8 -6 -6 -6 -6 -5 -4 -4 -3 -3 -3 ------- Run | Yrd Mat Mat Min Mat Sto Rec Scr Fac Was Fac DSF Fac Fac DSF Res Qua Frg Active Infowar (turns) 4506 | . 569 121 14 241 237 89 220 159 . . . 471 421 27 275 159 1503 Optics 2856 | . . . . . . . . . . . . 471 421 27 275 159 1503 Sensors 3266 | . . . . 187 225 89 220 159 . . . 405 421 27 275 157 1101 Terrain 1918 | . 569 106 . . . . . . . . . 141 421 27 144 159 351 Structural 12 | . . . . . 12 . . . . . . . . . . . . T.N.C. 83 | . . 15 14 54 . . . . . . . . . . . . . Cloaking 166 | . . . . . . . . . . . . . . . . . 166 Robot Analysis Total 8 | . 1 . . 3 2 1 . . . . . . . . . . 1 Derelict Logs Recovered . | . . . . . . . . . . . . . . . . . . Drone Launches . | . . . . . . . . . . . . . . . . . . Drone Recoveries . | . . . . . . . . . . . . . . . . . . Exploration | -11 -10 -9 -9 -8 -8 -8 -8 -6 -6 -6 -6 -5 -4 -4 -3 -3 -3 ------------- Run | Yrd Mat Mat Min Mat Sto Rec Scr Fac Was Fac DSF Fac Fac DSF Res Qua Frg Turns Passed 5058 | 8 597 171 14 244 407 89 220 342 38 43 29 471 421 27 275 159 1503 Spaces Moved 6712 | 7 394 181 18 212 481 143 734 604 130 141 65 767 368 84 683 403 1297 Core 59 | . . . . . 2 . . . . . . . . . . . 57 Treads . | . . . . . . . . . . . . . . . . . . Legs 1187 | 7 392 . . . 15 . . . . . . . . . . . 773 Wheels . | . . . . . . . . . . . . . . . . . . Hover 425 | . 2 181 18 212 12 . . . . . . . . . . . . Flight 5041 | . . . . . 452 143 734 604 130 141 65 767 368 84 683 403 467 Fastest Speed 23 | 120 120 52 52 52 29 29 29 23 26 26 26 24 25 25 24 25 25 Average Speed 41 | 120 120 53 52 65 34 29 29 23 26 26 26 25 25 25 25 25 63 Slowest Speed 265 | 120 190 180 52 180 265 29 29 26 26 26 26 26 25 25 101 28 260 Overloaded Moves . | . . . . . . . . . . . . . . . . . . Propulsion Burnouts . | . . . . . . . . . . . . . . . . . . Robots Hopped 26 | . . . . . . . . 8 . . . 1 . . 7 2 8 Potential Cave-ins . | . . . . . . . . . . . . . . . . . . Cave-ins Triggered . | . . . . . . . . . . . . . . . . . . Exploration Rate (%) 39 | 2 48 21 8 18 68 37 65 26 81 4 86 29 9 67 28 60 54 Regions Visited 17 Branch Regions 6 Pre-discovered Areas 1 | . . . . . . . . 1 . . . . . . . . . Known Exits Taken 9 | . . . . 1 1 1 1 . . 1 . 1 1 . 1 1 . Unknown Exits Taken 4 | 1 1 1 1 . . . . . . . . . . . . . . Scrap Searched 4 | . . . 2 . . . 2 . . . . . . . . . . Spaces Dug 63 | . . . . 1 14 2 . 8 1 . . 16 6 . 11 1 3 Terrain Destroyed 342 | . 55 . . 58 31 2 . 84 1 . . 16 6 . 11 1 77 Melee 52 | . . . . 1 3 2 . 8 1 . . 16 6 . 11 1 3 Projectile 47 | . . . . . . . . . . . . . . . . . 47 AOE 243 | . 55 . . 57 28 . . 76 . . . . . . . . 27 Terrain Rammed . | . . . . . . . . . . . . . . . . . . Walls Destroyed . | . . . . . . . . . . . . . . . . . . Machines Disabled . | . . . . . . . . . . . . . . . . . . Actions | -11 -10 -9 -9 -8 -8 -8 -8 -6 -6 -6 -6 -5 -4 -4 -3 -3 -3 --------- Run | Yrd Mat Mat Min Mat Sto Rec Scr Fac Was Fac DSF Fac Fac DSF Res Qua Frg Total 8342 | 6 473 239 22 285 652 173 740 748 131 146 75 995 680 89 745 443 1700 Wait 857 | . 38 17 5 27 88 13 4 74 . . 8 171 298 . 12 8 94 Move 6650 | 6 393 180 17 211 480 142 733 588 129 141 64 764 367 83 670 398 1284 Hop 21 | . . . . . . . . 8 . . . 1 . . 5 2 5 Pick Up 64 | . 7 10 . 5 10 2 1 5 1 2 1 5 1 2 6 2 4 Fast Attach 77 | . 3 3 . 5 6 . . 7 . . . 7 2 . 6 5 33 Attach 35 | . . 6 . 2 5 . . 7 . 1 . 6 1 . 2 . 5 Detach 21 | . . 1 . 2 2 . . 1 . . . 3 . . 1 . 11 Swap 91 | . 5 5 . 3 13 4 1 6 . . . 5 . 2 13 9 25 Drop 85 | . 6 8 . 5 8 2 1 2 . 1 1 3 1 2 10 11 24 Fire 193 | . 21 9 . 14 8 . . 12 . . . 2 . . . . 127 Melee 146 | . . . . 11 32 10 . 20 1 1 1 28 10 . 20 8 4 Ram . | . . . . . . . . . . . . . . . . . . Kick 1 | . . . . . . . . . . . . . . . . . 1 Crush . | . . . . . . . . . . . . . . . . . . Escape Stasis 81 | . . . . . . . . 8 . . . . . . . . 73 Rewire 10 | . . . . . . . . 10 . . . . . . . . . Trap . | . . . . . . . . . . . . . . . . . . Miscellaneous 10 | . . . . . . . . . . . . . . . . . 10 Route ------- -11/Scrapyard -10/Materials (discovered 3 exits: *Mat x2 / [*Sub]) -9/Materials -9/Mines -8/Materials -8/Storage -8/Recycling -8/Scraptown -6/Factory -6/Waste -6/Factory -6/DSF -5/Factory (discovered 2 exits: *Fac / *Upp) -4/Factory -4/DSF -3/Research (discovered 4 exits: *Res / Arm / *Qua x2) -3/Quarantine (discovered 2 exits: [*Sec] / *Frg) -3/Protoforge (discovered 1 exit: *Res) History --------- Turn | Location | Event 1 | -11/Scrapyard | Discovered new exit (range 1) 9 | -11/Scrapyard | Entered Materials 149 | -10/Materials | Discovered new exit (range 15) 308 | -10/Materials | Build established: Mutant 373 | -10/Materials | Discovered new exit (range 6) 509 | -10/Materials | Derelicts attacked the area 574 | -10/Materials | Discovered new exit (range 13) 606 | -10/Materials | Entered another Materials area 606 | -9/Materials | Evolved 2 slots: Propulsion x1, Utility x1 631 | -9/Materials | Repaired Assault Rifle 705 | -9/Materials | Discovered new exit (range 15) 776 | -9/Materials | Lost 3 parts (2n1u) 777 | -9/Materials | Entered Mines 789 | -9/Mines | Discovered new exit (range 5) 791 | -9/Mines | Entered Materials 791 | -8/Materials | Evolved 2 slots: Utility x2 955 | -8/Materials | Repaired Imp. Hover Unit 964 | -8/Materials | Discovered new exit (range 16) 1034 | -8/Materials | Identified exit to Storage 1035 | -8/Materials | Entered Storage 1053 | -8/Storage | Lost 4 parts (1p2n1w) 1077 | -8/Storage | Garrison activated, responded to threat 1126 | -8/Storage | Lost 4 parts (1p1n2u) 1265 | -8/Storage | Met 01-MTF 1302 | -8/Storage | Identified exit to Recycling 1306 | -8/Storage | Assisted by bots powering up and referring to "LRC-V3" 1408 | -8/Storage | Used back door to open Recycling access 1442 | -8/Storage | Entered Recycling 1442 | -8/Recycling | Accompanied by 3 allies (01-MTF) 1502 | -8/Recycling | Scanned before Scraplab entrance 1508 | -8/Recycling | Core integrity fell below 50% 1516 | -8/Recycling | Found Prototype Energy Gun 1516 | -8/Recycling | Identified 01-MTF's Shockpuncher 1523 | -8/Recycling | Found Prototype Energy Gun 1523 | -8/Recycling | Identified KN-7UR's Autopenetrator 1528 | -8/Recycling | Entered Scraplab 1530 | -8/Recycling | Discovered new exit (range 2) 1530 | -8/Recycling | Identified exit to Scraptown 1531 | -8/Recycling | Entered Scraptown 1558 | -8/Scraptown | Heard Great Nut preacher, LISTEN AND RECITE! 1560 | -8/Scraptown | Visited UFD Registry 1560 | -8/Scraptown | Registered with UFD as "Nanolauncher" 1566 | -8/Scraptown | Visited Assassins FH 1573 | -8/Scraptown | Visited Cyclists 1652 | -8/Scraptown | Received an X-ray algorithm 1654 | -8/Scraptown | Visited Infowarlord's Domain 1665 | -8/Scraptown | Found Exp. Signal Interpreter 1672 | -8/Scraptown | Visited Curators Association 1676 | -8/Scraptown | Visited A0-MCA Data Center 1677 | -8/Scraptown | Given a B rating by A0-MCA 1680 | -8/Scraptown | Found A0-MCA's Component Scanner 1686 | -8/Scraptown | Visited Scrap Suit Storage 1697 | -8/Scraptown | Visited Research Penetration Think Tank 1702 | -8/Scraptown | Visited Abandonware Association 1706 | -8/Scraptown | Learned abandonware demo "ERRANTS.EXE" 1734 | -8/Scraptown | Met Optimus 1734 | -8/Scraptown | Accepted into 0bPrime 1738 | -8/Scraptown | Build established: Hacker-Sprinter 1750 | -8/Scraptown | Discovered new exit (range 3) 1750 | -8/Scraptown | Identified exit to Factory 1751 | -8/Scraptown | Entered Factory 1751 | -6/Factory | Evolved 4 slots: Power x1, Propulsion x2, Utility x1 1803 | -6/Factory | Repaired Sml. Storage Unit 1826 | -6/Factory | Loaded intel: 8 recycling unit locations 1830 | -6/Factory | Spotted B-75 Beast 1844 | -6/Factory | Learned location of Protoforge (-3) 1989 | -6/Factory | Lost 5 parts (3p1n1u) 2030 | -6/Factory | Lost 3 parts (1p1n1w) 2038 | -6/Factory | Scrapoids reinforcements arrived? 2093 | -6/Factory | Sucked down chute 2093 | -6/Factory | Entered Waste 2099 | -6/Waste | Spotted C-40 Crusher 2102 | -6/Waste | Spotted C-40 Crusher 2108 | -6/Waste | EMP discharged 2113 | -6/Waste | Spotted C-40 Crusher 2117 | -6/Waste | Spotted C-40 Crusher 2118 | -6/Waste | Spotted C-40 Crusher 2119 | -6/Waste | Spotted C-40 Crusher 2127 | -6/Waste | Discovered new exit (range 14) 2130 | -6/Waste | Identified exit to Factory 2131 | -6/Waste | Entered Factory 2174 | -6/Factory | Identified exit to DSF 2174 | -6/Factory | Entered DSF 2200 | -6/DSF | Discovered new exit (range 15) 2201 | -6/DSF | Additional patrols routed to DSF 2203 | -6/DSF | Identified exit to Factory 2203 | -6/DSF | Entered Factory 2203 | -5/Factory | Evolved 2 slots: Utility x2 2279 | -5/Factory | Fabricated Impulse Thruster (x2) 2360 | -5/Factory | Discovered new exit (range 22) 2390 | -5/Factory | Identified exit to Upper Caves 2392 | -5/Factory | Loaded intel: 8 recycling unit locations 2432 | -5/Factory | Repaired Imp. VTOL Module 2463 | -5/Factory | Fabricated A-15 Conveyor (x1) 2463 | -5/Factory | Repaired Imp. VTOL Module 2633 | -5/Factory | Spotted B-75 Beast 2668 | -5/Factory | Discovered new exit (range 10) 2674 | -5/Factory | Identified exit to Factory 2674 | -5/Factory | Entered another Factory area 2674 | -4/Factory | Evolved 2 slots: Utility x2 2697 | -4/Factory | Loaded intel: 8 recycling unit locations 2770 | -4/Factory | Spotted B-86 Titan 2907 | -4/Factory | Build established: Hacker-Scout 3043 | -4/Factory | Identified exit to DSF 3095 | -4/Factory | Entered DSF 3098 | -4/DSF | Discovered new exit (range 22) 3115 | -4/DSF | Additional patrols routed to DSF 3122 | -4/DSF | Identified exit to Research 3122 | -4/DSF | Entered Research 3122 | -3/Research | Evolved 2 slots: Utility x2 3213 | -3/Research | Spotted B-86 Titan 3283 | -3/Research | Found Prototype Launcher 3283 | -3/Research | Identified Adv. Micro-nuke Launcher 3301 | -3/Research | Discovered new exit (range 17) 3312 | -3/Research | Identified exit to Research 3319 | -3/Research | Identified exit to Armory 3319 | -3/Research | Identified exit to Quarantine 3372 | -3/Research | Search patrols dispatched 3391 | -3/Research | Spotted B-90 Cyclops 3397 | -3/Research | Entered Quarantine 3415 | -3/Quarantine | Found Alien Artifact 3415 | -3/Quarantine | Identified Terrabomb 3415 | -3/Quarantine | Used Terrabomb 3423 | -3/Quarantine | Found Terrabomb 3428 | -3/Quarantine | Found Terrabomb 3445 | -3/Quarantine | Found Alien Artifact 3445 | -3/Quarantine | Identified Phase Redirector 3463 | -3/Quarantine | Found Alien Slashing Weapon 3463 | -3/Quarantine | Identified Sigix Broadsword 3472 | -3/Quarantine | Watched by a mysterious "MATRIX" hacker. 3536 | -3/Quarantine | Spotted Fortress 3555 | -3/Quarantine | Discovered new exit (range 5) 3555 | -3/Quarantine | Discovered new exit (range 6) 3556 | -3/Quarantine | Identified exit to Protoforge 3556 | -3/Quarantine | Entered Protoforge 3597 | -3/Protoforge | Superfortress began startup sequence 3639 | -3/Protoforge | Spotted Hotshot 3639 | -3/Protoforge | Spotted Hotshot 3641 | -3/Protoforge | Spotted B-86 Titan 3646 | -3/Protoforge | Used Terrabomb 3646 | -3/Protoforge | Spotted Hotshot 3648 | -3/Protoforge | Spotted Hotshot 3649 | -3/Protoforge | Discovered exit to Research (range 18) 3698 | -3/Protoforge | Spotted Overlord 3698 | -3/Protoforge | Spotted AP7-3 3698 | -3/Protoforge | Spotted AP7-3 3716 | -3/Protoforge | Spotted EXE-6 3716 | -3/Protoforge | Spotted EXE-6 3723 | -3/Protoforge | Spotted Decapitator 3728 | -3/Protoforge | UFD initiated attack on Protoforge (Readiness: Adequate) 3728 | -3/Protoforge | Loaded intel: 3 recycling unit locations 3737 | -3/Protoforge | Lost 3 parts (1p1n1w) 3764 | -3/Protoforge | Optimus greeted in Protoforge 3770 | -3/Protoforge | Found Prototype Ballistic Gun 3770 | -3/Protoforge | Identified Cep. XC Strikerail 3773 | -3/Protoforge | Scraphulk reinforcements arrived? 3774 | -3/Protoforge | Found Prototype Processor 3774 | -3/Protoforge | Identified Exp. Core Analyzer 3776 | -3/Protoforge | Found Cep. XC Strikerail 3783 | -3/Protoforge | Found Prototype Processor 3783 | -3/Protoforge | Identified Exp. Armor Integrity Analyzer 3788 | -3/Protoforge | Found Prototype Device 3788 | -3/Protoforge | Identified Exp. Kinecellerator 3803 | -3/Protoforge | Found Cep. XC Strikerail 3814 | -3/Protoforge | Lost 11 allies 3859 | -3/Protoforge | Met 7R-MNS 3880 | -3/Protoforge | Destroyed Hotshot 4009 | -3/Protoforge | Spotted Striker 4010 | -3/Protoforge | Spotted Striker 4011 | -3/Protoforge | Spotted Executioner 4015 | -3/Protoforge | P-80 Master assimilated allied Lugger 486 4021 | -3/Protoforge | Spotted Striker 4025 | -3/Protoforge | Spotted Striker 4028 | -3/Protoforge | Destroyed Striker 4058 | -3/Protoforge | Found Prototype Processor 4058 | -3/Protoforge | Identified Exp. Targeting Computer 4070 | -3/Protoforge | Lost 9 allies 4082 | -3/Protoforge | Build established: Scavenger-Skirmisher 4131 | -3/Protoforge | Spotted Striker 4135 | -3/Protoforge | Spotted Striker 4141 | -3/Protoforge | Destroyed Striker 4145 | -3/Protoforge | Spotted Executioner 4146 | -3/Protoforge | Spotted Striker 4162 | -3/Protoforge | Destroyed 11 combat bots 4179 | -3/Protoforge | UFD reported confirmed Drillbomb installation 4189 | -3/Protoforge | Lost 3 parts (1n2u) 4214 | -3/Protoforge | UFD reported confirmed Drillbomb installation 4225 | -3/Protoforge | Spotted Executioner 4225 | -3/Protoforge | Spotted Striker 4236 | -3/Protoforge | Destroyed Executioner 4239 | -3/Protoforge | Destroyed Striker 4269 | -3/Protoforge | Found Exp. Core Analyzer 4282 | -3/Protoforge | Spotted Hotshot 4282 | -3/Protoforge | Spotted Hotshot 4286 | -3/Protoforge | Destroyed Hotshot 4295 | -3/Protoforge | Destroyed Hotshot 4297 | -3/Protoforge | Spotted Hotshot 4303 | -3/Protoforge | UFD reported confirmed Drillbomb installation 4310 | -3/Protoforge | Spotted Hotshot 4317 | -3/Protoforge | Allies destroyed Hotshot 4338 | -3/Protoforge | Spotted Striker 4339 | -3/Protoforge | Spotted Striker 4352 | -3/Protoforge | Destroyed Striker 4358 | -3/Protoforge | Spotted Executioner 4362 | -3/Protoforge | Spotted Striker 4426 | -3/Protoforge | Lost 4 allies 4493 | -3/Protoforge | Found Prototype Device 4493 | -3/Protoforge | Identified Exp. Cloaking Device 4560 | -3/Protoforge | Spotted Executioner 4562 | -3/Protoforge | Spotted Striker 4568 | -3/Protoforge | Destroyed Executioner 4616 | -3/Protoforge | Found UFD Drillbomb 4653 | -3/Protoforge | Installed UFD Drillbomb at designated target 4653 | -3/Protoforge | UFD reported confirmed Drillbomb installation 4719 | -3/Protoforge | UFD reported confirmed Drillbomb installation 4731 | -3/Protoforge | Spotted Executioner 4739 | -3/Protoforge | Spotted Executioner 4744 | -3/Protoforge | Destroyed Executioner 4744 | -3/Protoforge | Destroyed Executioner 4812 | -3/Protoforge | Found Exp. Core Analyzer 4818 | -3/Protoforge | Found Adv. Kinecellerator 4840 | -3/Protoforge | Spotted Executioner 4842 | -3/Protoforge | Spotted Executioner 4870 | -3/Protoforge | Found Exp. Targeting Computer 4877 | -3/Protoforge | Lost 3 parts (2u1w) 4909 | -3/Protoforge | Destroyed Executioner 4919 | -3/Protoforge | Lost 4 allies 4924 | -3/Protoforge | Spotted Executioner 4938 | -3/Protoforge | Spotted Executioner 4962 | -3/Protoforge | Spotted Striker 4976 | -3/Protoforge | Spotted Executioner 4977 | -3/Protoforge | Spotted Executioner 4987 | -3/Protoforge | Core integrity fell below 50% 5038 | -3/Protoforge | Core integrity fell below 20% 5053 | -3/Protoforge | Lost 11 parts (2p4n3u2w) 5059 | -3/Protoforge | Destroyed by Striker with Plasma Lance Last Messages --------------- 05044_ Field strength at 68. 05045_ Field strength at 62. 05046_ System corrupted: Energy discharge (-24). 05046_ Field strength at 56. 05047_ Field strength at 50. 05048_ Field strength at 44. 05049_ Field strength at 28. 05050_ Field strength at 22. 05051_ Field strength at 16. 05052_ Stasis field depleted. 05052_ Triggered Stasis Trap. 05052_ A bubble of rippling energy engulfs the area. 05052_ Field strength at 94. 05052_ Field strength at 88. 05053_ Field strength at 82. 05054_ Field strength at 61. 05055_ Field strength at 55. 05056_ Field strength at 49. 05057_ Field strength at 35. 05058_ Field strength at 29. Map ----- +----------------------------------------------------+ | % # #### """" # ##?####???# " " | | """" # #### """" # ###??#?##?# " | | """" # #### """" # ##??##?##?# " " """ " | | " "" # #### # #####??#### " "" | | "" " #######+### ###?##?#??# "" " | | " ########### " " ?" " | | #"""""" ########??# | | ### ## ##?## "" " " | | ##""#########"""#####+###### ##?#? "" " | | ## "############## ? ?##?##??# " "" | | [# ###???##?## ?""" ??## ###?# "" "" " | | # ###??##??## ? ##?##?##? ?" " | | %" "##???##?###? """ ? ##?###????? ? "" % %" | | % T"###?????### ?##?###???? ?? "" | | " """####????### " "" ?##?##??#? ?? "" | | " "" ##??????### "R"" ##?##????? ?"? %" " | | " ########### """" ## ##?#??##???? ###### | | %+ ########### ##?##?????????????????? | | "" # ############?###???##???????????? | | " # """ #### ??"?? #?####???##??????????? | | ######## """ #### ????" #?####???????????????? | | """" # """ #### ? # ##?????????????????? | | %""T"" # """ #### ??#?###????????????????? | | # """ ####???????# ##??#??????????????? | | # """ #########+## ##?????????????????? | | """""" # """ + EppEEK@ ##?????????????????? | | """""" # ######### ##?????????????????? | | """"" ###+############## ##?????????????????? | | %"" ####? #####??????????????? | | % ####?##+#####??????????????? | | +??????????##??????????????? | | #??????????##??????????????? | | "####+############ ! #??????????##??????????????? | | ?????????######?% #??????????##??????????????? | | ???????##??##?? #??????????##??????????????? | | """"??????##??##????+??????????##??????????????? | | """" ????##??##????#??????????##??????????????? | | """" "???##??##???????????????##??????????????? | | """" ?"??##??##????#??????????##??????????????? | | ???????######????#??????????##??????????????? | | ""????????######????#??????????##??????????????? | | ""??????????????????#??????????##??????????????? | | ? "?????????######????#??????????##??????????????? | | ? "?????????######????#??????????##??????????????? | | ? ?????????######????#??????????##??????????????? | | ####?##########??#????########?####??????????????? | | ??#???#########??#????########?####??????????????? | | ??????????????????????##????##?##????????????????? | | ??#???????????????????########?##????????????????? | | ??####????????????????########?##????????????????? | +----------------------------------------------------+ Best States ------------- Heat Dissipation 84 Energy Generation 53 Energy Capacity 600 Matter Stores 300 Matter Capacity 300 Sight Range 23 Robot Scan Range 18 Terrain Scan Range 20 Terrain Scan Density 485 Cloak Strength 4 Power Amplification 20 Armor Coverage 600 Resistance: TH 10 Core Shielding 20 Weapon Shielding 90 Point Defense Rating 80 Evasion (%) 73 Targeting Accuracy 12 Melee Accuracy 8 Target Analysis 8 Core Analysis 12 Armor Integrity Analysis 50 Recoil Reduction 1 Kinecelleration 66 Offensive Hacking 30 Defensive Hacking 38 Item Schematics ----------------- EM Pulse Cannon | -8/Recycling | Hacked Med. Storage Unit | -4/Factory | Scanalyzed Quantum Reactor | -3/Quarantine | Hacked Robot Schematics ------------------ None Fabricated ------------ Impulse Thruster | x2 | -5/Factory | Preloaded A-15 Conveyor | x1 | -5/Factory | Preloaded Repaired ---------- Assault Rifle | 39% | -9/Materials Imp. Hover Unit | 11% | -8/Materials Sml. Storage Unit | 38% | -6/Factory Imp. VTOL Module | 12% | -5/Factory Imp. VTOL Module | 16% | -5/Factory Studied --------- Impulse Thruster | -4/Factory | Hacked Neutrino Core | -4/Factory | Hacked Chainsword | -3/Research | Hacked Lgt. Ion Engine | -3/Research | Hacked Q-thruster | -3/Quarantine | Hacked Impulse Thruster Array | -3/Quarantine | Hacked Hyp. Railgun | -3/Quarantine | Hacked Alien Tech Used ----------------- Terrabomb Phase Redirector Sigix Broadsword Achievements -------------- Fine I'll Do It Myself We Are One Challenges ------------ None Game ------ Seed GreatVisualRecalibrator Manual? 0 Play Time 01:16:33 Cumulative 1269.2 hours Start 2026.03.14 @ 13:40:54 End 2026.03.14 @ 16:40:28 Sessions 3 Manual Loads 0 Difficulty Rogue Special Mode None Game No. 1559 Rogue 1275 Adventurer 124 Explorer 160 Win Type - Total 61 Types 47/0/8/4/1/0/0/1/0/0 Lore% 93 Gallery% 83 Achievement% 69 Wizard Run 0 Options --------- Layout 0 ASCII 0 Keyboard 1 Movement Numpad Keybinds 0 Fullscreen 2 Font 18/X11 Map View 76x50 Zoom Use 0% Tactical HUD 1 Map Filters NONE Filters NONE Steam 1 RUN: 0c9765f7-9520-4564-ac84-e3c8a346a7df